AoeStats
← ING.PATRICK

Golden Pit

503058293Analyzed
1v1 RM · 1mo ago on Aug 30, 2026· 19m 32s· 2 players
Game mode
Random Map
Map size
Tiny (2 player)
Population
200
Speed
Normal
Resources
Standard
Victory
Conquest
Starting age
Dark Age
Ending age
Imperial Age
RankedLock teamsTeams togetherTeam positionsShared explorationLock speedFull tech treeHidden civsTurbo modeCheats
Victory
Defeat
🇵🇪 Mongols · Peru
782
+32
🇩🇪 Franks · Germany
735
-14
HOOD
3:50 Loom
12:45 Feudal Age
21:25 Castle Age
ING.PATRICK
11:48 Feudal Age
15:39 Castle Age
14:33 Double-Bit Axe
15:11 Horse Collar
16:18 Loom
18:58 Fletching
Connection lost

Rejoining the realm…

Still unreachable

The connection could not be restored.

Session expired

The server has moved on; the page needs a fresh start.